 Dungeon Crawl Stone Soup version 0.17.1-2-g5865329 (webtiles) character file.

189278 xeno23 the Fencer (level 17, -5/117 HPs)
             Began as a High Elf Skald on Jan 19, 2016.
             Was a High Priest of the Shining One.
             Slain by a tentacle (18 damage)
             ... attached to a kraken
             ... on level 1 of the Shoals on Jan 20, 2016.
             The game lasted 04:25:55 (41330 turns).

xeno23 the Fencer (High Elf Skald)                 Turns: 41330, Time: 04:25:55

Health: -5/117     AC: 24    Str: 16    XL:     17   Next: 50%
Magic:  9/27       EV: 19    Int: 16    God:    the Shining One [*****.]
Gold:   1260       SH:  0    Dex: 22    Spells: 7 memorised, 10 levels left

rFire  + + +     SeeInvis +     Y - +3 great sword (freeze)
rCold  x . .     Clarity  +     t - +3 fire dragon armour
rNeg   + + +     SustAt   .     (shield currently unavailable)
rPois  +         Gourm    .     (no helmet)
rElec  .         Spirit   .     g - +1 ratskin cloak {rPois rN+ Int-1 Dex-1}
rCorr  .         Warding  .     w - +2 pair of gloves {Dex+3}
rMut   .         Stasis   .     a - +2 pair of boots
MR     +....                    k - amulet of clarity
Stlth  ..........               l - ring "Unial" {+Inv rN+ Slay+5}
                                B - ring of Perfectionism {+Fly rF+ Dex+3 SInv}

@: glowing, repel missiles, somewhat resistant to hostile enchantments,
extremely unstealthy
A: no striking features
a: Divine Shield, Cleansing Flame, Summon Divine Warrior, Renounce Religion,
Evoke Invisibility, Evoke Flight
}: 1/15 runes: barnacled


You were on level 1 of the Shoals.
You worshipped the Shining One.
The Shining One was extremely pleased with you.
You were very hungry.

You visited 5 branches of the dungeon, and saw 32 of its levels.
You visited 1 bazaar.
You also visited: Labyrinth.

You collected 3247 gold pieces.
You spent 1987 gold pieces at shops.

Inventory:

Hand Weapons
 N - a +3 scimitar of flaming
 Y - a +3 great sword of freezing (weapon)
Missiles
 H - 19 javelins of returning (quivered)
Armour
 a - a +2 pair of boots (worn)
 g - the +1 ratskin cloak (worn) {rPois rN+ Int-1 Dex-1}
   (You acquired it on level 8 of the Lair of Beasts)

   It affects your intelligence (-1).
   It affects your dexterity (-1).
   It protects you from poison.
   It protects you from negative energy.
 t - a +3 fire dragon armour (worn)
 w - a +2 pair of gloves of dexterity (worn)
Jewellery
 i - a cursed ring of ice
 k - an amulet of clarity (around neck)
 l - the ring "Unial" (right hand) {+Inv rN+ Slay+5}
   (You found it on level 8 of the Lair of Beasts)

   [ring of positive energy]

   It affects your accuracy and damage with ranged weapons and melee attacks
   (+5).
   It protects you from negative energy.
   It lets you turn invisible.
 B - the ring of Perfectionism (left hand) {+Fly rF+ Dex+3 SInv}
   (You found it on level 14 of the Dungeon)

   [ring of flight]

   It affects your dexterity (+3).
   It protects you from fire.
   It lets you see invisible.
   It lets you fly.
 J - an uncursed ring of protection from magic
 M - an uncursed amulet of rage
Wands
 f - a wand of fire (9)
 m - a wand of teleportation (7)
 p - a wand of disintegration (12)
 r - a wand of polymorph (6)
 s - a wand of enslavement (7)
 L - a wand of digging (17)
Scrolls
 j - a scroll of summoning
 u - 5 scrolls of remove curse
 v - 6 scrolls of teleportation
 x - 2 scrolls of enchant armour
 y - 6 scrolls of noise
 I - 3 scrolls of blinking
 R - 3 scrolls of identify
 S - 3 scrolls of recharging
 X - 2 scrolls of magic mapping
 Z - 2 scrolls of amnesia
Potions
 e - 6 potions of haste
 n - 5 potions of flight
 q - a potion of cure mutation
 z - 2 potions of cancellation
 C - 10 potions of curing
 F - 4 potions of might
 K - 5 potions of resistance
 P - 6 potions of brilliance
 Q - a potion of magic
 U - a potion of berserk rage
 V - 4 potions of heal wounds
 W - 4 potions of agility
Books
 c - a book of Flames

   Spells                             Type                      Level
   a - Flame Tongue                   Conjuration/Fire             1
   b - Throw Flame                    Conjuration/Fire             2
   c - Conjure Flame                  Conjuration/Fire             3
   d - Inner Flame                    Hexes/Fire                   3
   e - Sticky Flame                   Conjuration/Fire             4
   f - Fireball                       Conjuration/Fire             5
 D - the Catalogue of Attacks and the Arsonist
   (You found it on level 4 of the Shoals)

   Spells                             Type                      Level
   a - Shock                          Conjuration/Air              1
   b - Flame Tongue                   Conjuration/Fire             1
   c - Magic Dart                     Conjuration                  1
   d - Fulminant Prism                Conjuration/Hexes            4
   e - Irradiate                      Conjuration/Transmutation    5
   f - Fireball                       Conjuration/Fire             5
   g - Iron Shot                      Conjuration/Earth            6
   h - Ring of Flames                 Charms/Fire                  7
 O - a Fen Folio

   Spells                             Type                      Level
   a - Corpse Rot                     Necromancy                   2
   b - Stone Arrow                    Conjuration/Earth            3
   c - Leda's Liquefaction            Hexes/Earth                  4
   d - Summon Forest                  Summoning/Translocation      5
   e - Hydra Form                     Transmutation                6
   f - Summon Hydra                   Summoning                    7
Miscellaneous
 b - a phantom mirror
 E - a phial of floods (inert)
Comestibles
 d - 19 bread rations
 h - 10 meat rations
 o - 16 fruits
 A - 2 chunks of flesh
 G - 22 beef jerkies


   Skills:
 * Level 11.0 Fighting
 * Level 16.1 Long Blades
 + Level 11.5 Armour
 * Level 12.7 Dodging
 - Level 3.5 Spellcasting
 * Level 6.1 Hexes
 - Level 16.0 Charms
 - Level 7.0 Translocations
 - Level 10.0 Air Magic
 + Level 12.4 Invocations


You had 10 spell levels left.
You knew the following spells:

 Your Spells              Type           Power        Failure   Level  Hunger
a - Infusion              Chrm           ######       1%          1    None
d - Spectral Weapon       Hex/Chrm       #####...     1%          3    ###....
f - Swiftness             Chrm/Air       #####...     1%          2    ##.....
g - Blink                 Tloc           N/A          8%          2    ##.....
r - Repel Missiles        Chrm/Air       #####.       1%          2    ##.....
s - Shroud of Golubria    Chrm/Tloc      #####.....   1%          2    ##.....
v - Apportation           Tloc           ####......   4%          1    None


Dungeon Overview and Level Annotations

Branches:
Dungeon (15/15)            Temple (1/1) D:7            Lair (8/8) D:10
 Shoals (4/4) Lair:5       Spider (0/4) Lair:6        Slime (0/6) Lair:8
    Orc (4/4) D:10            Elf (0/3) Orc:3        Vaults (0/5) D:13
 Depths (0/5) D:15

Altars:
Ashenzari
Cheibriados
Dithmenos
Elyvilon
Fedhas
Gozag
Kikubaaqudgha
Makhleb
Nemelex Xobeh
Okawaru
Qazlal
Ru
Sif Muna
Trog
Vehumet
Xom
Yredelemnul
Zin
The Shining One
Beogh
Jiyva

Shops:
D:7 :   Orc:3 !   Orc:4 :[*(   Shoals:4 !

Portals:
Trove: D:11 (give 15 potions of curing)

Annotations:
Lair:7 exclusion: 3 oklob plants
Lair:8 1 runed door


Message History

The tentacle slaps you but does no damage.
Your shroud bends the tentacle's attack away!!
Your daeva calls down the wrath of the Shining One upon the tentacle.
The tentacle is smitten.
The tentacle dies!
Unknown command.
You slice the tentacle!! You freeze the tentacle.
The tentacle is severely wounded.
The tentacle slaps you.
Your shroud falls apart!
The tentacle slaps you.
* * * LOW HITPOINT WARNING * * *
The tentacle slaps you!!
* * * LOW HITPOINT WARNING * * *
The kraken squirts a massive cloud of ink into the water!
You take 30 damage.
You slice the tentacle!! You freeze the tentacle!
You kill the tentacle!
The tentacle slaps you!!
You die...

≈≈..≈≈..###..≈...≈≈≈.≈≈≈≈≈
≈≈................≈≈≈≈≈≈≈≈
≈.....≈≈≈..(......≈≈≈≈≈≈≈≈
.....≈.≈≈≈.≈≈......≈≈≈≈≈≈≈
....≈≈..≈≈≈..≈..##..≈≈≈≈≈≈
.........≈≈≈.....##..≈≈.≈≈≈
≈.............≈≈.###.......
.........w...≈≈≈.# #.......
........*w@......# ##.....≈
≈...≈≈≈**.A..[..## #####..
..≈..≈**........# ##)
..≈..**..#...#### #######(.
.≈≈.**...##...#####....#...
.≈≈**.###*...............(.
≈≈≈*.*.##.................≈
.≈≈X*.......[.......≈...(.≈
.≈≈≈≈≈...≈.........≈≈......


You could see a kraken, 2 tentacles and a friendly daeva.

Vanquished Creatures
  Nikola (Shoals:3)
  2 krakens
  Ilsuiw (Shoals:4)
  An orc warlord (Orc:3)
  A stone giant (Orc:4)
  Azrael (D:12)
  3 ettins (Orc:4)
  7 merfolk javelineers
  Snorg (Lair:5)
  8 merfolk impalers
  Josephine (Lair:8)
  Fannar (Orc:2)
  4 hydras
  Harold (D:11)
  A minotaur (Lab)
  A centaur warrior (D:14)
  A catoblepas (D:15)
  6 merfolk avatars
  An alligator snapping turtle (Shoals:3)
  8 merfolk aquamancers
  2 satyrs
  2 tengu warriors
  4 death yaks
  Urug (D:15)
  2 orc high priests (Orc:4)
  Sonja (D:11)
  5 unseen horrors
  15 sea snakes
  5 hill giants
  An orc knight (Orc:3)
  2 giant orange brains
  The ghost of NicuTudor the Cleaver, a novice VSBe of Trog (D:10)
  12 cyclopes
  A lindwurm (Lair:5)
  3 necromancers
  2 orc sorcerers
  8 ugly things
  A faun (shapeshifter) (D:15)
  A wolf spider (Lair:8)
  The ghost of ololoev the Chopper, a novice DsFi of Makhleb (D:8)
  10 manticores
  10 fauns
  A hornet (Lair:8)
  6 water nymphs
  12 griffons
  4 centaur zombies
  25 elephants
  6 gargoyles
  4 sirens
  12 black mambas
  A guardian serpent (Lair:8)
  16 spiny frogs
  5 fire drakes
  An efreet (D:15)
  17 komodo dragons
  A komodo dragon (shapeshifter) (D:14)
  3 two-headed ogres (D:13)
  2 tengu conjurers
  A queen bee (Lair:1)
  10 blink frogs
  5 slime creatures
  The ghost of Bubs the Skirmisher, an amateur DsAK of Lugonu (D:4)
  30 merfolk
  4 wind drakes
  8 trolls
  9 polar bears
  5 snapping turtles
  A raiju (Lair:8)
  4 wraiths
  Sigmund (D:6)
  5 fire elementals (D:12)
  3 deep elf magi
  A hungry ghost (D:11)
  4 wyverns
  2 shadows (D:14)
  52 yaks
  10 hippogriffs
  A steam dragon (D:11)
  2 basilisks
  8 vampire mosquitoes
  4 water elementals
  17 wolves
  A mottled dragon (D:12)
  24 water moccasins
  15 wargs
  7 hell hounds
  30 orc warriors
  10 porcupines
  3 sky beasts
  17 centaurs
  2 eyes of draining
  14 black bears
  2 ice beasts
  5 phantoms
  9 ogres
  11 spiders
  2 wasps
  A necrophage (D:14)
  18 giant frogs
  A big kobold (D:5)
  A brain worm (D:15)
  15 crocodiles
  2 gnoll sergeants
  A wyvern zombie (D:12)
  17 killer bees
  4 scorpions
  23 wights
  2 electric eels (Lair:5)
  2 giant frog zombies
  4 jellies
  2 quasits
  A gnoll shaman (D:8)
  10 crimson imps
  26 orc priests
  A giant frog skeleton (D:5)
  20 hounds
  5 centaur skeletons
  12 worker ants
  42 orc wizards
  16 iguanas
  38 sheep
  2 wolf simulacra (Lair:3)
  6 polar bear simulacra (Lair:3)
  A killer bee zombie (D:10)
  2 yak simulacra (Lair:3)
  A hound skeleton (D:4)
  A hound zombie (D:8)
  2 worker ant zombies
  56 river rats
  18 adders
  15 gnolls
  A white imp (D:5)
  4 shadow imps
  An adder zombie (D:6)
  An ooze (D:2)
  3 adder skeletons
  3 worms
  10 giant geckos
  184 orcs
  A ball python (D:5)
  7 goblins
  12 hobgoblins
  10 quokkas
  4 bats
  6 giant cockroaches
  2 giant gecko skeletons
  A giant gecko zombie (D:5)
  3 giant newts
  23 jackals
  A jackal zombie (D:5)
  16 kobolds
  A quokka zombie (D:6)
  9 rats
  A river rat simulacrum (Lair:3)
  3 plants
  11 tentacles
1283 creatures vanquished.

Vanquished Creatures (collateral kills)
  A merfolk impaler (Shoals:4)
  A merfolk javelineer (Shoals:4)
  3 hydras
  A merfolk aquamancer (Shoals:3)
  2 manticores (Shoals:3)
  A water nymph (Shoals:4)
  9 merfolk
  A spider (Lair:8)
  5 river rats
  A tentacle (Shoals:1)
25 creatures vanquished.

Vanquished Creatures (others)
  A river rat (Lair:5)
  An orc (Orc:1)
  17 fungi
  47 plants
  58 spectral weapons
  42 tentacles
  2990 tentacle segments
3156 creatures vanquished.

Grand Total: 4464 creatures vanquished

Notes
Turn   | Place    | Note
--------------------------------------------------------------
     0 | D:1      | xeno23 the High Elf Skald began the quest for the Orb.
     0 | D:1      | Reached XP level 1. HP: 14/14 MP: 4/4
    21 | D:1      | Reached skill level 1 in Armour
    98 | D:1      | Reached XP level 2. HP: 12/19 MP: 3/6
   849 | D:2      | Learned a level 2 spell: Shroud of Golubria
   954 | D:2      | Reached XP level 3. HP: 20/25 MP: 7/7
   979 | D:2      | Found a shattered altar of Ashenzari.
  1341 | D:2      | Reached skill level 4 in Charms
  1464 | D:2      | Reached XP level 4. HP: 30/30 MP: 9/9
  2021 | D:3      | Noticed a sky beast
  2047 | D:3      | Killed a sky beast
  2047 | D:3      | Reached XP level 5. HP: 18/35 MP: 8/10
  2341 | D:3      | You fall through a shaft for 3 floors!
  2420 | D:5      | Entered Level 5 of the Dungeon
  2520 | D:5      | Reached XP level 6. HP: 3/41 MP: 11/11
  2749 | D:4      | Noticed Bubs's ghost (amateur DsAK)
  3601 | D:4      | Reached skill level 1 in Translocations
  3612 | D:4      | Noticed Sigmund
  3872 | D:4      | Reached skill level 5 in Long Blades
  3890 | D:4      | Reached skill level 5 in Charms
  3890 | D:4      | Reached XP level 7. HP: 40/46 MP: 8/12
  5039 | D:5      | Learned a level 3 spell: Spectral Weapon
  5087 | D:5      | Noticed a centaur
  5101 | D:5      | Killed a centaur
  5114 | D:5      | Noticed a centaur
  5147 | D:5      | Killed a centaur
  5147 | D:5      | Reached skill level 1 in Hexes
  5169 | D:5      | Reached XP level 8. HP: 39/52 MP: 13/13
  5290 | D:5      | Found a shadowy altar of Dithmenos.
  5541 | D:5      | Noticed an ogre
  5554 | D:5      | Killed an ogre
  5554 | D:5      | Reached skill level 6 in Long Blades
  6045 | D:4      | Killed Bubs's ghost
  6707 | D:6      | Found a snail-covered altar of Cheibriados.
  6721 | D:6      | Found a sparkling altar of Nemelex Xobeh.
  6724 | D:6      | Found a blossoming altar of Fedhas.
  6727 | D:6      | Found a sacrificial altar of Ru.
  7040 | D:6      | Reached skill level 5 in Armour
  7130 | D:6      | Killed Sigmund
  7201 | D:6      | Reached skill level 7 in Long Blades
  7201 | D:6      | Reached XP level 9. HP: 53/58 MP: 14/14
  7618 | D:7      | Found a staircase to the Ecumenical Temple.
  7627 | Temple   | Entered the Ecumenical Temple
  7655 | Temple   | Became a worshipper of the Shining One
  8091 | D:7      | Found Qosmuasm's Book Boutique.
  9074 | D:8      | Noticed ololoev's ghost (novice DsFi)
  9212 | D:8      | Killed ololoev's ghost
  9314 | D:8      | Reached * piety under the Shining One
  9329 | D:8      | Reached skill level 8 in Long Blades
  9348 | D:8      | Reached skill level 5 in Dodging
  9670 | D:9      | Reached skill level 5 in Fighting
  9958 | D:9      | Noticed a gargoyle
  9977 | D:9      | HP: 2/61 [gargoyle/mace (3)]
  9978 | D:9      | Killed a gargoyle
  9978 | D:9      | Reached XP level 10. HP: 2/66 MP: 15/15
 10311 | D:9      | Found an iron altar of Okawaru.
 10627 | D:9      | Noticed a gargoyle
 10643 | D:9      | Killed a gargoyle
 10907 | D:10     | Entered Level 10 of the Dungeon
 10910 | D:10     | Noticed NicuTudor's ghost (novice VSBe)
 10974 | D:10     | Killed NicuTudor's ghost
 10974 | D:10     | Reached skill level 5 in Translocations
 11170 | D:10     | Reached skill level 9 in Long Blades
 11173 | D:10     | Reached ** piety under the Shining One
 11356 | D:10     | Found a staircase to the Lair.
 11730 | D:10     | Found a staircase to the Orcish Mines.
 11801 | D:10     | Noticed an elephant
 11834 | D:10     | Killed an elephant
 11834 | D:10     | Reached skill level 1 in Invocations
 11867 | D:10     | HP: 1/68 [orc priest/divine providence (12)]
 12588 | Lair:1   | Entered Level 1 of the Lair of Beasts
 12614 | Lair:1   | Reached XP level 11. HP: 55/72 MP: 16/16
 13127 | Lair:1   | Reached skill level 10 in Long Blades
 13747 | Lair:2   | Found a white marble altar of Elyvilon.
 13809 | Lair:2   | Reached skill level 10 in Charms
 14596 | Lair:2   | Reached *** piety under the Shining One
 15397 | Lair:1   | Reached XP level 12. HP: 70/80 MP: 14/18
 15707 | Lair:1   | Reached skill level 11 in Long Blades
 16271 | Lair:3   | Noticed a seven-headed hydra
 16273 | Lair:4   | Found a labyrinth entrance.
 16311 | Lab      | Entered a labyrinth
 16404 | Lab      | Noticed a minotaur
 16414 | Lab      | Killed a minotaur
 16444 | Lab      | Identified the Disquisition on Assistive Feathers
 16454 | Lab      | Got a colourful robe
 17299 | Lair:4   | Learned a level 2 spell: Swiftness
 17302 | Lair:4   | Learned a level 2 spell: Repel Missiles
 18023 | Lair:5   | Reached skill level 5 in Invocations
 18025 | Lair:5   | Reached **** piety under the Shining One
 18076 | Lair:5   | Noticed Snorg
 18097 | Lair:5   | Killed Snorg
 18146 | Lair:5   | Found a staircase to the Shoals.
 18212 | Lair:5   | Reached skill level 12 in Long Blades
 18675 | Lair:5   | Reached XP level 13. HP: 58/86 MP: 10/19
 19216 | Lair:6   | Found a shadowy altar of Dithmenos.
 19324 | Lair:6   | Noticed Nessos
 19710 | Lair:6   | Found a hole to the Spider Nest.
 19879 | Lair:6   | Noticed Nessos
 19879 | Lair:6   | Nessos changed into Nessos the giant orange brain
 19884 | Lair:6   | Killed Nessos the giant orange brain
 20860 | Lair:7   | Reached skill level 10 in Armour
 20863 | Lair:7   | Reached skill level 13 in Charms
 20995 | Lair:7   | Got an ichor-stained scimitar
 20996 | Lair:7   | Identified the +5 scimitar "Abyexzuf" {antimagic, rF+} (You found it on level 7 of the Lair of Beasts)
 22394 | Lair:8   | Entered Level 8 of the Lair of Beasts
 22451 | Lair:8   | Reached XP level 14. HP: 95/95 MP: 18/20
 22515 | Lair:8   | Identified 2 scrolls of acquirement
 22546 | Lair:8   | Found a runed door.
 22547 | Lair:8   | Found a viscous altar of Jiyva.
 22548 | Lair:8   | Noticed an acid blob
 22549 | Lair:8   | Found a staircase to the Slime Pits.
 22960 | Lair:8   | Reached ***** piety under the Shining One
 23362 | Lair:8   | Reached skill level 1 in Air Magic
 24361 | Lair:8   | Got a transparent copper ring
 24364 | Lair:8   | Identified the ring "Unial" {+Inv rN+ Slay+5} (You found it on level 8 of the Lair of Beasts)
 24407 | Lair:8   | Noticed Josephine
 24413 | Lair:8   | Killed Josephine
 25044 | Lair:3   | Killed a seven-headed hydra
 25643 | Orc:1    | Entered Level 1 of the Orcish Mines
 25643 | Orc:1    | Found a roughly hewn altar of Beogh.
 26224 | Orc:2    | Found a roughly hewn altar of Beogh.
 26233 | Orc:2    | Noticed Fannar
 26245 | Orc:2    | Killed Fannar
 26245 | Orc:2    | Reached skill level 14 in Long Blades
 26329 | Orc:2    | Paralysed by an orc sorcerer for 5 turns
 26860 | Orc:3    | Found a staircase to the Elven Halls.
 26900 | Orc:3    | Found Ynisokot's Distillery.
 26913 | Orc:3    | Bought a potion of curing for 45 gold pieces
 26913 | Orc:3    | Bought a potion of heal wounds for 75 gold pieces
 26913 | Orc:3    | Bought 2 potions of curing for 90 gold pieces
 26913 | Orc:3    | Bought 2 potions of curing for 90 gold pieces
 26913 | Orc:3    | Bought a potion of agility for 60 gold pieces
 26932 | Orc:4    | Entered Level 4 of the Orcish Mines
 26932 | Orc:4    | Found Siagidol's Antique Armour Boutique.
 26934 | Orc:4    | Reached ****** piety under the Shining One
 27084 | Orc:3    | Noticed an orc warlord
 27786 | Orc:3    | Killed an orc warlord
 27786 | Orc:3    | Reached skill level 10 in Dodging
 27911 | Orc:3    | Reached XP level 15. HP: 88/101 MP: 19/23
 28231 | Orc:4    | Found Parriobi's Antique Weapon Shop.
 28296 | Orc:4    | Found Ligac's Book Shop.
 28305 | Orc:4    | Reached skill level 5 in Air Magic
 28658 | Orc:4    | Bought a book of Spatial Translocations for 650 gold pieces
 28661 | Orc:4    | Learned a level 2 spell: Blink
 28663 | Orc:4    | Learned a level 1 spell: Apportation
 28696 | Orc:4    | Found Danigem's General Store.
 28698 | Orc:4    | Reached skill level 10 in Invocations
 28751 | Orc:4    | Bought a scroll of blinking for 97 gold pieces
 28751 | Orc:4    | Bought a scroll of identify for 26 gold pieces
 28751 | Orc:4    | Bought a potion of might for 52 gold pieces
 28891 | Orc:4    | Bought a pair of glowing gloves for 94 gold pieces
 29369 | Orc:4    | Found a roughly hewn altar of Beogh.
 29684 | D:11     | Noticed Harold
 29696 | D:11     | Killed Harold
 30026 | D:11     | Noticed Sonja
 30078 | D:11     | Killed Sonja
 30401 | D:11     | Found a portal to a secret trove of treasure.
 30893 | D:12     | Noticed Azrael
 30907 | D:12     | Killed Azrael
 31444 | D:13     | Found a gate to the Vaults.
 32492 | D:14     | Got a vibrating glass ring
 32494 | D:14     | Identified the ring of Perfectionism {+Fly rF+ Dex+3 SInv} (You found it on level 14 of the Dungeon)
 33124 | D:15     | Entered Level 15 of the Dungeon
 33132 | D:14     | Reached skill level 10 in Fighting
 33344 | D:15     | Reached XP level 16. HP: 101/109 MP: 21/25
 33382 | D:15     | Reached skill level 15 in Charms
 33490 | D:15     | Noticed Urug
 33502 | D:15     | Killed Urug
 33506 | D:15     | Reached skill level 15 in Long Blades
 33632 | D:15     | Found a staircase to the Depths.
 34467 | Shoals:1 | Entered Level 1 of the Shoals
 34479 | Shoals:1 | You fall through a shaft!
 35379 | Shoals:3 | Found a flickering gateway to a bazaar.
 35402 | Bazaar   | Entered a bazaar
 35402 | Bazaar   | Found Wagga's Armour Shoppe.
 35407 | Bazaar   | Found Purionni's Food Emporium.
 35432 | Bazaar   | Found Riurhes's Gadget Emporium.
 35441 | Bazaar   | Found Cimoqekh's Book Shoppe.
 35469 | Bazaar   | Bought a phantom mirror for 330 gold pieces
 35607 | Shoals:3 | Noticed Nikola
 35622 | Shoals:3 | Killed Nikola
 36702 | Shoals:3 | Reached skill level 5 in Hexes
 37229 | Shoals:4 | Entered Level 4 of the Shoals
 37299 | Shoals:4 | Noticed Ilsuiw
 37322 | Shoals:4 | Killed Ilsuiw
 38388 | Shoals:4 | Reached XP level 17. HP: 100/116 MP: 18/27
 38809 | Shoals:4 | Found Asek's Distillery.
 38818 | Shoals:4 | Bought a potion of brilliance for 72 gold pieces
 38818 | Shoals:4 | Bought a potion of resistance for 180 gold pieces
 38818 | Shoals:4 | Bought a potion of curing for 54 gold pieces
 38818 | Shoals:4 | Bought a potion of brilliance for 72 gold pieces
 39571 | Shoals:4 | Identified the Catalogue of Attacks and the Arsonist
 40005 | Shoals:4 | Got a barnacled rune of Zot
 40605 | Shoals:1 | Reached skill level 16 in Long Blades
 40741 | Shoals:1 | Reached skill level 10 in Air Magic
 41330 | Shoals:1 | Slain by a tentacle

Action                   |  1- 3 |  4- 6 |  7- 9 | 10-12 | 13-15 | 16-18 || total
-------------------------+-------+-------+-------+-------+-------+-------++-------
Melee: Falchion          |    88 |    51 |   308 |       |       |       ||   447
       Spear             |    73 |    80 |   108 |       |       |       ||   261
       Dagger            |       |    93 |    38 |       |       |       ||   131
       Long sword        |       |       |   186 |       |       |       ||   186
       Scimitar          |       |       |   103 |   414 |     7 |    12 ||   536
       Great sword       |       |       |       |   259 |  1463 |   525 ||  2247
 Fire: Hunting sling     |       |     3 |       |       |       |       ||     3
       Shortbow          |       |       |    13 |    12 |     8 |       ||    33
Throw: Stone             |       |     3 |     1 |       |       |       ||     4
       Javelin           |       |       |       |       |       |     2 ||     2
 Cast: Infusion          |     7 |    11 |    18 |    14 |       |       ||    50
       Shroud of Golubri |       |       |     4 |    37 |    50 |    25 ||   116
       Spectral Weapon   |       |       |     1 |    43 |    97 |    74 ||   215
       Swiftness         |       |       |       |     1 |     2 |       ||     3
       Repel Missiles    |       |       |       |     1 |     9 |     4 ||    14
       Blink             |       |       |       |       |     2 |       ||     2
Invok: Divine Shield     |       |       |       |     1 |     3 |     4 ||     8
       Summon Divine War |       |       |       |       |     3 |     9 ||    12
       Cleansing Flame   |       |       |       |       |     4 |       ||     4
 Abil: Evoke Berserk Rag |       |       |     3 |     9 |     6 |       ||    18
       Evoke Invisibilit |       |       |       |       |     1 |       ||     1
       Evoke Flight      |       |       |       |       |       |    26 ||    26
       Stop Flying       |       |       |       |       |       |     1 ||     1
Evoke: Wand              |       |       |       |       |    14 |     2 ||    16
       Phantom mirror    |       |       |       |       |     1 |       ||     1
       Phial of floods   |       |       |       |       |       |     2 ||     2
  Use: Potion            |     1 |       |     5 |     1 |     5 |     4 ||    16
       Scroll            |       |       |    16 |    21 |    18 |     8 ||    63
  Eat: Chunk             |     2 |     8 |    19 |    30 |    60 |    27 ||   146
       Royal jelly       |       |       |     2 |     3 |     3 |     1 ||     9
       Pizza             |       |       |       |     2 |     5 |       ||     7
       Beef jerky        |       |       |       |     1 |       |       ||     1
       Meat ration       |       |       |       |       |       |     1 ||     1
       Fruit             |       |       |       |       |       |     1 ||     1
